 Dungeon Crawl Stone Soup version 0.30-a0-715-gdb4ae3ece1 (webtiles) character file.

Game seed: 1005410414997412242

111 zinnoa the Magician (level 5, -5/35 HPs)
             Began as a Djinni Fire Elementalist on Jan 24, 2023.
             Engulfed by a cloud of flame (8 damage)
             ... on level 3 of the Dungeon.
             The game lasted 00:11:40 (3038 turns).

zinnoa the Magician (Djinni Fire Elementalist)      Turns: 3038, Time: 00:11:41

Health: -5/35      AC:  2    Str:  7    XL:     5   Next: 15%
Gold:   124        EV: 12    Int: 19    God:
                   SH:  0    Dex: 13

rFire   + + .      SeeInvis .    (no weapon)
rCold   x . .      Faith    .    (no shield)
rNeg    . . .      Spirit   .    a - +0 robe
rPois   ∞          Reflect  .    (no helmet)
rElec   .          Harm     .    (no cloak)
rCorr   .          Rampage  .    (no gloves)
Will    .....                    (boots unavailable)
Stlth   ++                       (no amulet)
HPRegen 0.25/turn                (no ring)
MPRegen 0.00/turn                (no ring)

@: flying
A: sickness immunity, fire resistance 2, cold vulnerability 1, float, innate
caster, HP casting, extra vitality 1
a: no special abilities


You were on level 3 of the Dungeon.
You visited 1 branch of the dungeon, and saw 3 of its levels.

You collected 124 gold pieces.

Inventory:

Missiles
 h - a throwing net
Armour
 a - a +0 robe (worn)
Scrolls
 c - 3 scrolls of identify {unknown}
 e - a scroll of noise {unknown}
 f - a scroll of poison {unknown}
 m - a scroll of fog {unknown}
 n - a scroll of teleportation {unknown}
 o - a scroll of enchant weapon {unknown}
Potions
 b - 3 potions of magic
 d - a potion of heal wounds {unknown}
 g - a potion of invisibility {unknown}
 i - a potion of lignification {unknown}
 j - a potion of brilliance {unknown}
 k - 2 potions of curing {unknown}
 l - a potion of attraction {unknown}
 p - a potion of berserk rage {unknown}


   Skills:
 + Level 2.4 Dodging
 + Level 1.9 Stealth
 + Level 4.0 Spellcasting


You couldn't memorise any spells.
You knew the following spells:

 Your Spells              Type           Power      Damage    Failure   Level
a - Foxfire               Conj/Fire      76%        2x1d7     2%          1
b - Scorch                Fire           38%        2d6       3%          2
c - Kindle Blastsparks    Fire/Tloc/Air  38%        2d13      8%          3
d - Inner Flame           Hex/Fire       19%        N/A       8%          3
e - Flame Wave            Conj/Fire      19%        2d7       26%         4
f - Shock                 Conj/Air       76%        1d7       2%          1
g - Lesser Beckoning      Tloc           38%        N/A       3%          2
Your spell library was empty.

Dungeon Overview and Level Annotations

Branches:
Dungeon (3/15)

Altars:

Annotations:
D:3 2 transporters, omnomnOMINOUS's ghost, amateur OpWn


Innate Abilities, Weirdness & Mutations

You are immune to sickness and miasma.
You are immune to poison.
Your flesh is very heat resistant. (rF++)
You are vulnerable to cold. (rC-)
You float through the air rather than walking.
You learn spells naturally, not from books.
Your magical power is your life essence.
You have superior vitality. (+4 MHP)


Message History

Confirm with . or Enter, or press ? or * to list all spells.
Aiming: Inner Flame (dangerous; 8% risk of failure)
Press: ? - help, Dir - move target, f/p - Sigmund
Aim: Sigmund, wielding a +0 scythe and wearing a +1 robe (chance to affect: 81%) Sigmund is filled with an inner flame.
Casting: Inner Flame (dangerous; 8% risk of failure)
Confirm with . or Enter, or press ? or * to list all spells.
Okay, then.
Aiming: Shock (safe; 2% risk of failure)
Press: ? - help, Q - select action, (/) - cycle Shift-Dir - straight line, f/p - Sigmund
Aim: Sigmund, wielding a +0 scythe and wearing a +1 robe (inner flame, 68% to hit)
The zap hits Sigmund but does no damage.
Aiming: Shock (safe; 2% risk of failure)
Press: ? - help, Q - select action, (/) - cycle Shift-Dir - straight line, f/p - Sigmund
Aim: Sigmund, wielding a +0 scythe and wearing a +1 robe (inner flame, 68% to hit)
The zap hits Sigmund.
Flame seeps out of Sigmund.
Sigmund is lightly wounded.
Sigmund is engulfed in blazing flames.
Flame seeps out of Sigmund.
Sigmund casts a spell.
Sigmund flickers and vanishes!
Deactivating autopickup; reactivate with Ctrl-A.
Flame seeps out of something.
Something hits you.
Found a stone staircase leading down.
Something hits you!
Casting: Shock (safe; 2% risk of failure)
Confirm with . or Enter, or press ? or * to list all spells.
You can't see any susceptible monsters within range! (Use Z to cast anyway.)
Casting: Shock (safe; 2% risk of failure)
Confirm with . or Enter, or press ? or * to list all spells.
The spell is extremely dangerous to miscast (26% risk of failure)!
Continue anyway?
Casting: Flame Wave (extremely dangerous; 26% risk of failure)
Press: ? - help, Dir - look around, f - activate A wave of flame ripples out!
The flame wave engulfs something.
Reactivating autopickup.
You feel a bit more experienced. (Press . to intensify the flame waves.) Sigmund explodes!
The fiery explosion engulfs you! You resist.
* * * LOW HITPOINT WARNING * * *
You are engulfed in blazing flames.
You resist.
You die...

## #> #. #.
#§##
#§§#########.#
#@.##.......#
##.##.#######
#....#
##..######
#.......#
##.####.# #.##
#..## ##..#


There were no monsters in sight!

Vanquished Creatures
  Sigmund (D:3)
  Jessica (D:3)
  2 adders (D:2)
  2 worms (D:2)
  3 dart slugs
  An orc (D:3)
  5 endoplasms
  6 giant cockroaches
  4 goblins
  A hobgoblin (D:3)
  2 jackals (D:1)
  3 quokkas (D:3)
  5 ball pythons
  3 bats
  4 frilled lizards
  7 kobolds
  5 rats
55 creatures vanquished.

Vanquished Creatures (others)
  37 foxfires
37 creatures vanquished.

Grand Total: 92 creatures vanquished

Notes
Turn   | Place    | Note
-------+----------+-------------------------------------------
     0 | D:1      | zinnoa the Djinni Fire Elementalist began the quest for the
                  | Orb.
     0 | D:1      | zinnoa set off with the following spells memorised:
                  | Foxfire, Scorch, Kindle Blastsparks, Inner Flame, Flame
                  | Wave.
     0 | D:1      | Reached XP level 1. HP: 15/15 MP: 0/0
   117 | D:1      | Reached XP level 2. HP: 19/21 MP: 0/0
   640 | D:1      | Reached skill level 3 in Spellcasting
   640 | D:1      | Reached XP level 3. HP: 20/25 MP: 0/0
   640 | D:1      | Learned a level 1 spell: Shock
  1539 | D:2      | Reached XP level 4. HP: 22/31 MP: 0/0
  2588 | D:3      | Found a transporter.
  2595 | D:3      | Noticed omnomnOMINOUS's ghost (amateur OpWn)
  2674 | D:3      | Noticed Jessica
  2678 | D:3      | Killed Jessica
  2679 | D:3      | Reached skill level 4 in Spellcasting
  2679 | D:3      | Reached XP level 5. HP: 30/35 MP: 0/0
  2679 | D:3      | Learned a level 2 spell: Lesser Beckoning
  2771 | D:3      | Found a transporter.
  3030 | D:3      | Noticed Sigmund
  3038 | D:3      | Killed Sigmund
  3038 | D:3      | Engulfed by a cloud of flame

Illustrated notes

Levels and vault maps discovered:
D:1:      co_arrival_random_square_maze, layout_basic, kennysheep_another_room,
          chequers_serial_rivers_room_b, serial_bayou_ford_a
D:2:      layout_basic
D:3:      layout_basic, gammafunk_ghost_stat_death, wad_orctagon, uniq_jessica,
          uniq_robin, uniq_sigmund

Skill      XL: |  1  2  3  4 |
---------------+-------------+-----
Spellcasting   | 3 4 |  4.0
Dodging        | |  2.4
Stealth        | |  1.9

Action                     |  1- 3 |  4- 6 || total
---------------------------+-------+-------++-------
   Cast: Foxfire           |    17 |     9 ||    26
         Scorch            |    23 |    11 ||    34
         Inner Flame       |     4 |    15 ||    19
         Shock             |       |    25 ||    25
         Flame Wave        |       |     1 ||     1
  Dodge: Dodged            |     2 |     2 ||     4

Table legend: (Time is in decaauts)
 A = Elapsed time spent in this place.
 B = Non-inter-level travel time spent in this place.
 C = Inter-level travel time spent in this place.
 D = Time resting spent in this place.
 E = Time spent auto-exploring this place.
 F = Levels seen in this place.
 G = Mean time per level.
                   A        B        C        D        E       F      G
               +--------+--------+--------+--------+--------+-----+--------+
         Total |   3037 |   2933 |    104 |    722 |   1883 |   3 | 1012.3 |
       Dungeon |   3037 |   2933 |    104 |    722 |   1883 |   3 | 1012.3 |
               +--------+--------+--------+--------+--------+-----+--------+

Top non-repeatable levels by time:
     D:1: 1339 daAuts
     D:2: 1105 daAuts
     D:3: 592 daAuts
